[Event "CCT Chessable Masters Playoffs 2025"]
[Site "Online"]
[Date "2025.02.18"]
[Round "1"]
[White "Sevian, Samuel"]
[Black "Caruana, Fabiano"]
[Result "1/2-1/2"]
[Annotator "TA"]
[ECO "C55"]
[WhiteElo "2692"]
[BlackElo "2803"]
[PlyCount "183"]
[EventDate "2025.02.13"]
[EventType "k.o."]
[EventCountry "NET"]
[SourceTitle "playchess.com"]
[Source "ChessBase"]
[SourceQuality "1"]
[TimeControl "600"]

1. e4 e5 2. Nf3 Nc6 3. Bc4 Nf6 4. d3 Be7 5. O-O O-O 6. Nc3 d6 7. a4 {[%emt 0:00:01] 7.a3 is the recent fashion.} h6 8. h3 Re8 {[%emt 0:00:02] C55: Two Knights: 4 d3, 4 d4 exd4 5 e5 and Max Lange Attack.} 9. Re1 Bf8 10. a5 a6 {[%emt 0:00:11] White has an edge.} 11. Bd2 Be6 12. Bxe6 fxe6 $146 (12... Rxe6 13. Nd5 Nb8 14. c4 Nbd7 15. b4 Nh7 16. Be3 g6 17. Qc2 c6 18. Nc3 Re8 {1-0 Dominguez Perez,L (2748)-Caruana,F (2793) Saint Louis Blitz 2024 (9)}) 13. Ne2 d5 14. Ng3 Qd7 15. c3 Qf7 16. b4 Rad8 17. Qb3 Bd6 18. b5 Nb8 19. d4 Nbd7 20. bxa6 bxa6 21. Qb7 dxe4 22. Nxe4 Nxe4 23. Rxe4 exd4 24. cxd4 (24. Qxa6 Nc5 25. Qc6 Nxe4 26. Qxe4 d3 $19) 24... Nf6 25. Ree1 Ra8 26. Rac1 {[%emt 0:00:21] White has more active pieces.} Nd5 27. Re4 Qd7 28. Qb3 Qb5 29. Qc2 Nf6 30. Ree1 Qf5 31. Qc6 Qd5 32. Qc2 Qf5 $1 33. Qb3 Qd5 34. Qd3 Qf5 (34... e5 $11 35. Qc4 (35. Qg6 exd4 36. Bxh6 Qf7 $16) 35... exd4 36. Nxd4 Rxe1+ 37. Bxe1 Qxc4 38. Rxc4 Rb8) 35. Qc4 $14 Qd5 36. Qe2 Qb5 37. Qd1 Qd5 38. Qe2 Qb5 39. Ne5 Qxe2 40. Rxe2 Nd5 41. Nc6 Kf7 42. Rce1 (42. Rc4 $16) 42... Ne7 $11 43. Nxe7 Rxe7 44. Rb1 Rd7 45. Be3 Rdd8 46. Reb2 Ke7 47. g3 Kd7 48. Kg2 Kc6 49. Kf3 Kd5 50. h4 h5 51. Ke2 g6 52. Rb7 Kc6 53. Kd3 Kd5 54. Bf4 Bxf4 55. gxf4 {[%emt 0:00:01][%mdl 4096] Endgame KRR-KRR} Kc6 56. R7b4 Rd5 57. Rc1+ Kd6 58. Rb7 (58. Rbc4 $11 Rxa5 59. Rxc7) 58... Rc8 $15 59. Rg1 Rf8 60. Ke3 Rf6 61. Rg5 Rdf5 62. Ra7 Rxf4 63. Rxa6+ Kd7 64. d5 Rf3+ 65. Ke4 R6f4+ (65... Rxf2 {simplifies} 66. dxe6+ Rxe6+ 67. Rxe6 Re2+) 66. Ke5 Rf5+ 67. Kd4 Rxg5 68. dxe6+ Ke7 69. hxg5 Rxf2 $11 {[%emt 0:00:01] KR-KR} 70. Rc6 Rf4+ 71. Kc5 h4 72. a6 Ra4 73. Kb5 Ra1 74. Rxc7+ Kxe6 75. Rh7 Kf5 $2 (75... Rb1+ $11 76. Kc6 Rc1+ 77. Kb6 Rb1+ 78. Ka7 Rh1) 76. Rxh4 Kxg5 {[%emt 0:00:02] [#]} 77. Ra4 $1 Rb1+ 78. Kc6 Rc1+ 79. Kd7 Rd1+ 80. Ke6 $2 (80. Ke7 {mates} Re1+ 81. Kf7 Rf1+ 82. Kg7 Rc1 83. Ra5+ Kf4 84. a7 (84. Kxg6 Rc6+ 85. Kh5 Rc8 $18) 84... Rc8 85. Kxg6 (85. a8=R Rc7+ 86. Kh6 Rf7 $18) (85. a8=Q Rxa8 86. Rxa8 g5 $18)) 80... Rd8 $1 81. a7 Ra8 82. Ke5 Re8+ $2 {[%emt 0:00:03][%mdl 8192] [#]} (82... Kh5 $11) 83. Kd6 Ra8 84. Kc6 Kf5 85. Kb7 Re8 86. Rc4 $2 ({Less strong is} 86. a8=B Re6 $14) (86. a8=Q $18 Rxa8 87. Rxa8 (87. Kxa8 g5 $11)) 86... g5 {[%emt 0:00:04] The position is equal.} 87. Rc5+ Kf4 88. Rc8 Re7+ $1 89. Rc7 Re8 90. Rc8 Re7+ $1 91. Rc7 Re8 92. Rc8 {[%emt 0:00:00] Weighted Error Value: White=0.12 (very precise) /Black=0.07 (flawless)   Loses game:     	---       	Black=2      Mistake:       	White=2     	Black=1      Inaccurate:     	White=2     	Black=5      OK:         	White=23    	Black=37     Best:        	White=4     	Black=7      Strong:       	---       	Black=3} 1/2-1/2

[Event "CCT Chessable Masters Playoffs 2025"]
[Site "Online"]
[Date "2025.02.18"]
[Round "1"]
[White "Artemiev, Vladislav"]
[Black "Erigaisi Arjun"]
[Result "1/2-1/2"]
[Annotator "TA"]
[ECO "D30"]
[WhiteElo "2691"]
[BlackElo "2801"]
[PlyCount "91"]
[EventDate "2025.02.13"]
[EventType "k.o."]
[EventCountry "NET"]
[SourceTitle "playchess.com"]
[Source "ChessBase"]
[SourceQuality "1"]
[TimeControl "600"]

1. d4 Nf6 2. Nf3 d5 3. c4 e6 4. e3 a6 5. b3 b6 6. Bd3 {[%emt 0:00:11] D30: Queen's Gambit Declined: Systems without Nc3.} Bb7 7. O-O Nbd7 $1 {[%emt 0:00:01] 7...Nbd7 is better than 7...Bd6.} 8. cxd5 {[%emt 0:00:14] White has an edge.} exd5 9. Ba3 Bxa3 10. Nxa3 Qe7 11. Nb1 {[%emt 0:00:04] Not much happening anymore} Ne4 $146 (11... O-O 12. Nc3 g6 13. Rc1 c5 14. Qe2 Rfc8 15. Rc2 Nf8 16. Rfc1 Ne6 17. Nb1 cxd4 18. exd4 Rxc2 19. Rxc2 Qd6 20. Nbd2 a5 21. Qe5 Qxe5 22. Nxe5 Rc8 23. Rxc8+ {½-½ Markowski,T (2548)-Miton,K (2579) POL-chT Ekstraliga 2021 (6.3)}) 12. Qe2 O-O 13. Rc1 Qd6 14. Nc3 Rfc8 15. Rc2 g6 16. Rac1 Kg7 17. Qd1 Re8 18. Bf1 (18. Nxe4 dxe4 19. Rxc7 Nc5 20. R1xc5 bxc5 21. Rxb7 Qc6 $17 (21... exd3 22. Ng5 $17)) 18... Rac8 19. Nxe4 dxe4 20. Nd2 h5 21. h4 b5 22. a4 c6 23. axb5 axb5 24. d5 Qxd5 ({But not} 24... cxd5 25. Bxb5 Rxc2 26. Rxc2) 25. Nxe4 Rxe4 ({Black should try} 25... Qxe4 $11 26. Qxd7 Rb8) 26. Qxd5 (26. Rd2 $14 Qe5 27. Rxd7) 26... cxd5 $11 {[%emt 0:00:00] The position is equal.} 27. Rxc8 Bxc8 28. Rxc8 {[%emt 0:00:01][%mdl 4096] Endgame KRB-KRN} Rb4 29. Rd8 Nf6 30. Rb8 Rxb3 31. Rxb5 Ra3 32. Rb2 Ne4 33. g3 Ra1 34. Kg2 Kf6 35. Be2 Ke5 36. Bf3 Ra7 37. Rb5 Ke6 38. Rb6+ Kf5 39. Rb5 Ke6 40. Rb4 Ke5 41. Bxe4 dxe4 42. Rb5+ Ke6 43. Rb6+ Ke5 44. Rb5+ Ke6 45. Rb4 Ke5 46. Rb5+ {[%emt 0:00:01] Weighted Error Value: White=0.07 (flawless) /Black=0.06 (flawless)   Mistake:       	White=1     	Black=1      Inaccurate:     	White=2     	---        OK:         	White=18    	Black=15     Best:        	White=1     	---} 1/2-1/2

[Event "CCT Chessable Masters Playoffs 2025"]
[Site "Online"]
[Date "2025.02.18"]
[Round "1"]
[White "Grischuk, Alexander"]
[Black "Nakamura, Hikaru"]
[Result "0-1"]
[Annotator "TA"]
[ECO "C60"]
[WhiteElo "2687"]
[BlackElo "2802"]
[PlyCount "118"]
[EventDate "2025.02.13"]
[EventType "k.o."]
[EventCountry "NET"]
[SourceTitle "playchess.com"]
[Source "ChessBase"]
[SourceQuality "1"]
[TimeControl "600"]

1. e4 e5 2. Nf3 Nc6 3. Bb5 Nge7 4. Nc3 Ng6 5. d3 a6 6. Bc4 {[%emt 0:00:08] [#] C60: Ruy Lopez: Unusual Black 3rd moves and 3...g6.} Na5 7. h4 Nxc4 (7... h5 $1 $11) 8. dxc4 {[%emt 0:00:00] h5 would now be deadly. White is slightly better.} (8. h5 $5 Nxb2 9. Bxb2 $11) 8... h5 9. Bg5 f6 10. Be3 Bb4 11. Qd3 $146 (11. Qd2 d6 12. a3 Bxc3 13. Qxc3 Be6 14. O-O-O b6 15. Ne1 Qd7 16. c5 bxc5 17. Bxc5 {0-1 Filipovic,B (2410)-Pandurevic,M (2269) Bosnjaci op 10th 2004 (9)}) 11... d6 12. O-O-O Bxc3 13. Qxc3 b6 14. Nd2 Be6 15. b3 Qe7 16. Kb2 b5 17. c5 (17. Ra1 $11) 17... d5 18. exd5 Bxd5 19. f3 Qe6 20. Qa5 Qc6 21. Nb1 Ne7 22. Nc3 O-O 23. a3 Be6 24. Rd2 {[%emt 0:00:05] [#]} (24. Na2 $11 {remains equal.}) 24... Rfd8 (24... Qb7 $1 $17 {And now ...Nc6 would win.} 25. Ne4 Nc6) 25. Rhd1 Rxd2 26. Rxd2 Rb8 27. Na2 Nd5 28. Nb4 Nxb4 29. Qxb4 Ra8 30. Qa5 Bd5 31. Rd1 Be6 32. Rd2 Kh7 33. Rd1 Bf5 34. Rd2 Re8 35. Qb4 Ra8 36. Qa5 Rc8 37. Qb4 Qe6 38. Qa5 Bg6 39. Qb4 e4 40. f4 Qg4 41. c6 Be8 42. Qc5 Qe6 43. Rd5 Kg8 44. Qd4 Qxc6 45. Rc5 Qe6 46. f5 Qe7 47. Qd5+ Bf7 48. Qb7 Qd7 49. Qxa6 c6 50. Qb6 Bd5 51. Rc3 Qxf5 52. Bd4 Qf4 53. Qa7 (53. Qb7 $142 Rd8 54. Qa7) 53... Qxh4 $17 54. Bf2 Qf4 55. Rg3 Qc7 56. Qc5 Qe5+ 57. Kb1 (57. Qd4) 57... Rc7 58. Qb6 (58. Rh3 {might work better.} Qe8 59. Qe3) 58... Rd7 $19 59. Qa6 $2 (59. Qc5) 59... Be6 {[%emt 0:00:06] Weighted Error Value: White=0.29 (precise) /Black=0.11 (very precise)   Mistake:       	White=6     	Black=2      Inaccurate:     	White=4     	Black=2      OK:         	White=19    	Black=30     Best:        	White=1     	Black=3} 0-1

[Event "CCT Chessable Masters Playoffs 2025"]
[Site "Online"]
[Date "2025.02.18"]
[Round "2"]
[White "Carlsen, Magnus"]
[Black "Yu, Yangyi"]
[Result "1/2-1/2"]
[Annotator "TA"]
[ECO "B90"]
[WhiteElo "2833"]
[BlackElo "2715"]
[PlyCount "117"]
[EventDate "2025.02.13"]
[EventType "k.o."]
[EventCountry "NET"]
[SourceTitle "playchess.com"]
[Source "ChessBase"]
[SourceQuality "1"]
[TimeControl "600"]

1. e4 c5 2. Nf3 d6 3. d4 cxd4 4. Nxd4 Nf6 5. Nc3 a6 6. a4 Nc6 7. Nxc6 {[%emt 0:00:16] B90: Sicilian Najdorf: Unusual White 6th moves, 6 Be3 Ng4 and 6 Be3 e5.} bxc6 8. a5 g6 9. Be3 {[%emt 0:00:23][%cal Oe4e5] White has an edge.} Bg7 10. Bb6 $146 (10. e5 $5 Nd7 11. exd6 $14) (10. e5 Ng4 11. Bb6 Qd7 12. exd6 exd6 13. Qe2+ Qe6 14. O-O-O d5 15. Qxe6+ Bxe6 16. f3 {½-½ Onyshchuk,V (2633)-Anisimov,P (2527) Titled Tuesday intern op 5th May blitz 2020 (8)}) 10... Qd7 11. Bd3 O-O 12. O-O Qb7 13. Na4 Be6 14. Re1 Nd7 15. c3 c5 16. Qe2 (16. f4 $14) 16... Bb3 $15 17. Reb1 Bxa4 18. Rxa4 Nxb6 19. axb6 Qxb6 20. h4 a5 21. h5 Rab8 22. g3 e6 23. Kg2 d5 24. exd5 exd5 25. Qf3 c4 26. Bc2 Rfe8 27. b3 Qc5 28. bxc4 dxc4 29. Rxb8 Rxb8 30. Qg4 {[%emt 0:00:50][%cal Rh5g6] White is weak on the dark squares} Rb2 (30... Qc6+ {simplifies} 31. Qf3 Qxf3+ 32. Kxf3 Rb2) 31. Rxc4 Qxh5 32. Qxh5 gxh5 $11 {[%emt 0:00:01][%mdl 4096] Endgame KRB-KRB. Black is a pawn up.} 33. Rc8+ Bf8 34. Bxh7+ Kg7 35. Be4 a4 36. Bd5 Rd2 37. Bc4 Rd7 38. Ra8 a3 39. Kf3 (39. Kf1 $11) 39... Rc7 40. Ra4 Bc5 41. Bd5 Rd7 42. Bc4 Rd2 43. Ra5 Rxf2+ (43... Bxf2 $6 44. Rxa3 h4 45. gxh4 $15) 44. Ke4 Bd6 (44... f5+ $17 45. Ke5 Bf8) 45. Rxh5 Rc2 (45... Bxg3 $2 {loses.} 46. Rg5+ Kh6 47. Rxg3 $18) 46. Rg5+ Kf8 47. Rf5 Rxc3 48. Rxf7+ Ke8 49. Bd5 Rxg3 50. Ra7 Bc5 51. Ra5 Bd6 52. Ra7 Kd8 53. Be6 Bc5 54. Rd7+ Ke8 55. Rc7 {[%emt 0:00:02] [#]} Bd6 (55... Re3+ $1 $17 56. Kf5 Bb4) 56. Ra7 Bc5 (56... Rg5 $11 57. Kd3 Bc5) 57. Rc7 $15 Bb6 (57... Re3+ $1 $15 {might be stronger.} 58. Kf5 Bd6) 58. Rb7 (58. Rc6 $11) 58... Bc5 59. Rc7 {[%emt 0:00:01] Weighted Error Value: White=0.10 (very precise) /Black=0.14 (very precise)   Mistake:       	White=3     	Black=4      Inaccurate:     	White=5     	Black=4      OK:         	White=19    	Black=24     Best:        	White=2     	Black=3} 1/2-1/2

[Event "CCT Chessable Masters Playoffs 2025"]
[Site "Online"]
[Date "2025.02.18"]
[Round "2"]
[White "Carlsen, Magnus"]
[Black "Yu, Yangyi"]
[Result "1-0"]
[Annotator "TA"]
[ECO "D00"]
[WhiteElo "2833"]
[BlackElo "2715"]
[PlyCount "63"]
[EventDate "2025.02.13"]
[EventType "k.o."]
[EventCountry "NET"]
[SourceTitle "playchess.com"]
[Source "ChessBase"]
[SourceQuality "1"]
[TimeControl "600"]

1. d4 Nf6 2. Bf4 d5 3. e3 Bg4 4. f3 Bh5 5. g4 Bg6 6. h4 {[%emt 0:00:01] D00: 1 d4 d5: Unusual lines.} h5 7. g5 Nfd7 8. Bd3 {[%emt 0:00:02] White has an edge.} Bxd3 9. Qxd3 e6 10. g6 f6 11. Ne2 $146 (11. Nc3 Nc6 12. O-O-O Nb6 13. Nb5 Bd6 14. Ne2 a6 15. Nxd6+ cxd6 16. e4 Qc7 17. a3 {½-½ Bauer,C (2644)-Efimov,I (2433) Francophone-ch rapid 5th 2018 (11)}) 11... c5 12. c4 Nb6 13. cxd5 c4 (13... Qxd5 $11 14. Nbc3 Qxf3) 14. Qe4 {[%emt 0:00:11] White is more active.} (14. Qc2 {simplifies} exd5 15. Bxb8 Qxb8 16. Nbc3) 14... Qxd5 15. Nbc3 Qxe4 16. fxe4 {[%emt 0:00:01] A sharp opening} Nc6 17. Bc7 Nb4 {[%emt 0:00:28] aiming for ...Nc2+.} 18. Nf4 (18. Bxb6 $14 axb6 19. Kd2) 18... Kd7 ({Black should play} 18... Nc2+ $11 19. Kd2 Nxa1) 19. Bxb6 $14 axb6 20. Ke2 Bd6 21. a3 $36 {[%emt 0:00:05][%cal Ba2a3,Ba3b4,Bb4b5][%mdl 2080] White fights for an advantage.} Bxf4 $1 22. axb4 Bd6 23. b5 Bb4 {[%emt 0:00:12] This costs Black the game.} (23... Rxa1 $1 $14 24. Rxa1 Rh6) 24. Na4 $18 Ba5 25. Rac1 Rac8 {[%emt 0:00:04] [#]} 26. Rc2 $1 Rh6 $2 {[%emt 0:00:14] [#]} (26... Ke7 27. Rhc1 c3 28. Nxc3 (28. bxc3 Rh6 $18) 28... Bxc3) 27. Rhc1 $1 {[%emt 0:00:14] and b4 would now be decisive} (27. Rg1 Rc7 28. Rgc1 c3 $16 (28... Rxg6 $2 29. Rxc4 Rxc4 30. Rxc4 $18)) 27... c3 (27... Rhh8 {was called for.} 28. e5 (28. Rxc4 Rxc4 29. Rxc4 Rc8 $18) 28... fxe5 29. dxe5 (29. Rxc4 Rxc4 30. Rxc4 Rc8 $18) 29... c3) 28. b4 $1 (28. bxc3 Rxg6 29. c4 Rg2+ 30. Kf3 Rxc2 31. Rxc2 g5 $16) 28... Rc4 29. bxa5 ({Not} 29. Rxc3 Rxc3 30. Rxc3 Bxb4 31. Nxb6+ Kd6 $18) (29. Nxc3 Bxb4 30. Na4 Rxc2+ 31. Rxc2 Ba5 $15) 29... Rxa4 30. Rxc3 Rxa5 31. e5 {[%emt 0:00:21] Rc7+ would kill now.} fxe5 32. dxe5 {[%emt 0:00:00] Weighted Error Value: White=0.09 (flawless) /Black=0.84  Mistake:       	White=1     	Black=5      Inaccurate:     	White=3     	Black=3      OK:         	White=7     	Black=9      Best:        	White=4     	Black=1      Strong:       	White=2     	Black=1} 1-0

[Event "CCT Chessable Masters Playoffs 2025"]
[Site "Online"]
[Date "2025.02.18"]
[Round "2"]
[White "Caruana, Fabiano"]
[Black "Firouzja, Alireza"]
[Result "0-1"]
[Annotator "ChessBase"]
[ECO "C47"]
[WhiteElo "2803"]
[BlackElo "2760"]
[PlyCount "152"]
[EventDate "2025.02.13"]
[EventType "k.o."]
[EventCountry "NET"]
[SourceTitle "playchess.com"]
[Source "ChessBase"]
[SourceQuality "1"]
[TimeControl "600"]

1. e4 e5 2. Nf3 Nc6 3. Nc3 Nf6 4. h3 Bb4 5. Bd3 O-O 6. O-O d6 7. Ne2 Re8 8. c4 Bc5 9. Bc2 h6 10. a3 a5 11. d3 Nh7 12. Ba4 Bd7 13. Ng3 Nf8 14. Be3 Ne6 15. Nf5 Kh7 16. Bxc6 Bxc6 17. b3 Bd7 18. Qc2 Qf6 19. Qc3 Nf8 20. Bxc5 dxc5 21. Rae1 Ng6 22. Ne3 c6 23. Nh2 Nf4 24. Kh1 b6 25. Rd1 h5 26. Rd2 Be6 27. Rfd1 Red8 28. h4 Ng6 29. g3 Qe7 30. Rb1 f6 31. Nf3 Nf8 32. b4 axb4 33. axb4 Qd7 34. b5 Bg4 35. Nxg4 Qxg4 36. Nh2 Qd7 37. bxc6 Qxc6 38. Rdb2 Ra6 39. Nf1 Rd6 40. Kg2 Qd7 41. Rd1 Ne6 42. Ne3 Nd4 43. Rdb1 Qf7 44. Qe1 Qg6 45. Qd1 f5 46. exf5 Nxf5 47. Nxf5 Qxf5 48. Rb3 Ra2 49. Qe1 Rxd3 50. Rxd3 Qxd3 51. Rxb6 e4 52. Re6 Re2 53. Qf1 Qf3+ 54. Kg1 Rd2 55. Qg2 Rd1+ 56. Kh2 Rd2 57. Qxf3 exf3 58. g4 Rxf2+ 59. Kg3 Rg2+ 60. Kxf3 Rxg4 61. Re5 Rxh4 62. Rxc5 Kh6 63. Rc7 g6 64. c5 Rc4 65. Ke3 h4 66. Kd3 Rc1 67. Rc8 Kg5 68. c6 Kg4 69. Kd4 g5 70. Kd5 h3 71. Rh8 Kg3 72. Kd6 h2 73. c7 g4 74. Kd7 Kg2 75. Rh4 g3 76. Rh5 h1=Q 0-1

[Event "CCT Chessable Masters Playoffs 2025"]
[Site "Online"]
[Date "2025.02.18"]
[Round "2"]
[White "Caruana, Fabiano"]
[Black "Firouzja, Alireza"]
[Result "1-0"]
[Annotator "TA"]
[ECO "C47"]
[WhiteElo "2803"]
[BlackElo "2760"]
[PlyCount "75"]
[EventDate "2025.02.13"]
[EventType "k.o."]
[EventCountry "NET"]
[SourceTitle "playchess.com"]
[Source "ChessBase"]
[SourceQuality "1"]
[TimeControl "600"]

1. e4 e5 2. Nf3 Nc6 3. Nc3 Nf6 4. h3 Bb4 5. Bd3 O-O 6. O-O {[%emt 0:00:02] C47: Scotch Four Knights and Four Knights with 4 g3.} d6 7. Ne2 Re8 8. c4 {[%emt 0:00:02] The position is equal.} Bc5 9. Bc2 $146 (9. b3 a6 10. Bb2 Bd7 11. a3 a5 12. Bc2 Rb8 13. Re1 b5 14. cxb5 Rxb5 15. d4 {0-1 Gukesh,D (2763)-Vidit,S (2720) Zagreb Superbet Blitz 2024 (4)}) 9... a5 10. a3 h6 11. d3 Bd7 12. Be3 b6 13. Ng3 Nh7 14. Ba4 Ne7 15. d4 exd4 16. Nxd4 Nf8 17. Bxd7 Qxd7 18. b3 Nc6 19. Ndf5 {[%emt 0:00:03] [#]} Re6 $2 (19... Bxe3 $1 $11 {and Black has nothing to worry.} 20. Nxe3 (20. fxe3 Qd8 $11) 20... Rac8) 20. Bd2 (20. Bc1 $18) 20... Kh7 $2 (20... Bd4 $16) 21. Bc3 g6 {[%emt 0:00:04] [#]} 22. Nh4 (22. b4 $1 $18 {[%cal Rb4c5] and the rest is easy.} axb4 23. axb4 Rxa1 24. Qxa1 Bxb4 25. Bxb4) 22... Qe7 (22... Rb8 $142) 23. Nf3 $16 Rb8 24. Qd5 Qe8 25. Rfb1 b5 26. b4 axb4 27. axb4 Bb6 28. c5 $40 {[%emt 0:01:11][%mdl 128] White plays on the queen side and is better White goes for the king.} dxc5 29. bxc5 Ba7 30. Nd4 {[%emt 0:00:03] Black must now prevent Nxc6. White is much more active.} Ne7 31. Qb3 Bxc5 32. Nxe6 (32. Nxb5 Reb6 33. Qc4 (33. Ra5 $2 Nc6 $19) 33... Ne6 $17 (33... Rxb5 34. Rxb5 Rxb5 35. Ra8 $14)) 32... Nxe6 33. Rd1 Bb6 (33... Nc6 $11 {remains equal.}) 34. Bf6 ({White should try} 34. e5 $16) 34... Ng8 (34... Nc6 $11) 35. Bb2 c5 36. Ne2 (36. Rd6 $18 b4 37. Rad1) 36... c4 (36... b4 $16 37. Be5 Rd8 38. Rxd8 Nxd8) 37. Qc3 $18 Qc6 $2 (37... f6 $18 38. e5 Nc5 39. exf6 Qf7) 38. Qh8# {[%emt 0:00:03] Weighted Error Value: White=0.20 (precise) /Black=0.43  Loses game:     	---       	Black=1      Missed win:     	White=1     	---        Mistake:       	White=3     	Black=6      Inaccurate:     	White=1     	Black=1      OK:         	White=9     	Black=10     Best:        	White=5     	Black=2} 1-0

[Event "CCT Chessable Masters Playoffs 2025"]
[Site "Online"]
[Date "2025.02.18"]
[Round "2"]
[White "Nakamura, Hikaru"]
[Black "Nepomniachtchi, Ian"]
[Result "1-0"]
[Annotator "TA"]
[ECO "A01"]
[WhiteElo "2802"]
[BlackElo "2754"]
[PlyCount "65"]
[EventDate "2025.02.13"]
[EventType "k.o."]
[EventCountry "NET"]
[SourceTitle "playchess.com"]
[Source "ChessBase"]
[SourceQuality "1"]
[TimeControl "600"]

1. b3 e5 2. Bb2 Nc6 3. e3 g6 4. Nf3 Bg7 5. c4 Nge7 6. d4 {[%emt 0:00:12] A01: Nimzowitsch-Larsen Opening.} d6 7. Be2 O-O 8. O-O {[%emt 0:00:02] White is slightly better.} e4 9. Nfd2 f5 10. Nc3 h5 $146 (10... Qe8 11. a3 Nd8 12. b4 c6 13. Qb3 Be6 14. d5 Bf7 15. dxc6 bxc6 16. Na4 Ne6 17. Bxg7 Kxg7 {1-0 Tabatabaei,M (2696)-Harshavardhan,G (2413) Speed Chess Q2 Sw blitz 2023 (5)}) 11. f4 exf3 12. Nxf3 f4 (12... Bh6 $14 {deserves consideration.}) 13. e4 Bg4 14. Nd5 Qd7 15. Qd2 Nxd5 16. cxd5 Nd8 (16... Ne7 $16) 17. e5 $18 c6 18. h3 Bxf3 19. Bxf3 dxe5 20. dxe5 {[%emt 0:00:02][%csl Oe5][%cal Bd4e5,Be5e6][%mdl 32] White plays in the center. White has a strong passed pawn} Ne6 (20... cxd5 $16 21. Bxd5+ (21. Qxd5+ Qxd5 22. Bxd5+ Kh7 $16) 21... Ne6) 21. Rad1 ({Better is} 21. Be4 $18) 21... Ng5 $16 22. e6 Qe7 23. Bxg7 (23. dxc6 Rad8 24. Bd5 bxc6 25. Bxg7 Kxg7 26. Qc3+ Kh6 27. Qxc6 (27. Bxc6 Nxe6 28. Bd5 Ng7 $11) 27... Rd6 $14) 23... Kxg7 24. dxc6 bxc6 (24... Nxf3+ $16 25. Rxf3 bxc6 26. Rxf4 Qxe6 27. Qd7+ Qxd7 28. Rxd7+ Kg8 29. Rxf8+ Kxf8) 25. Qd7 (25. Bxc6 $18 {is more deadly.} Rad8 26. Qc3+ Kh7 27. Rd7 Rxd7 28. exd7) 25... Rae8 {[%emt 0:00:23] Black is weak on the light squares} 26. Bxc6 {[%emt 0:00:15][%cal Bf3c6,Bc6d5,Bd5c4][%mdl 32] White is more active.} ({Don't play} 26. Qxc6 $6 Nxf3+ 27. Rxf3 Qxe6 28. Rd7+ Kh6 29. Qxe6 Rxe6 $14) 26... Kh6 27. Qxe7 Rxe7 28. Bd5 Nh7 {[%emt 0:00:50] [#] This costs Black the game.} (28... f3 $16 {keeps fighting.}) 29. Bc4 $1 $18 g5 30. Rd7 Rfe8 {[%emt 0:00:03] [#] White is clearly better.} 31. h4 $1 Nf6 32. hxg5+ Kxg5 33. Rd4 {[%emt 0:00:01] Weighted Error Value: White=0.19 (very precise) /Black=0.27 (precise)   Mistake:       	White=2     	Black=5      Inaccurate:     	---       	Black=2      OK:         	White=9     	Black=8      Best:        	White=1     	Black=3} 1-0